 Dungeon Crawl Stone Soup version 0.31-a0-934-gf4fcaacff8 (webtiles) character file.

Game seed: 1545351235930747097

799 ongoing the Shooter (level 7, -1/56 HPs)
             Began as a Barachi Hexslinger on Oct 20, 2023.
             Slain by a +9 spear of Butos {spect, rC+} (8 damage)
             ... created by an orc
             ... on level 5 of the Dungeon.
             The game lasted 00:06:53 (5318 turns).

ongoing the Shooter (Barachi Hexslinger)            Turns: 5318, Time: 00:06:54

Health: -1/56      AC:  6    Str: 15    XL:     7   Next: 90%
Magic:  7/8        EV: 12    Int: 19    God:
Gold:   313        SH:  0    Dex: 17    Spells: 6/8 levels left

rFire   . . .        a - +1 sling
rCold   . . .        (no shield)
rNeg    . . .        q - +0 leather armour
rPois   .            o - +0 helmet
rElec   .            (no cloak)
rCorr   .            n - +0 pair of gloves
SInv    .            (no boots)
Will    .....        (no amulet)
Stlth   +            e - +6 ring of strength
HPRegen 0.29/turn    d - +6 ring of intelligence
MPRegen 0.11/turn

%: no passive effects
@: weak-willed, unable to hop, slow
A: amphibious, slowness 1, strong legs 1, +LOS
a: Hop


You were on level 5 of the Dungeon.
You visited 1 branch of the dungeon, and saw 5 of its levels.

You collected 313 gold pieces.

Inventory:

Hand Weapons
 a - a +1 sling (weapon)
Armour
 c - a +0 robe
 n - a +0 pair of gloves (worn)
 o - a +0 helmet (worn)
 q - a +0 leather armour (worn)
Jewellery
 d - a +6 ring of intelligence (right hand)
 e - a +6 ring of strength (left hand)
 t - a ring of protection from fire
Wands
 u - a wand of paralysis (4)
Scrolls
 b - 3 scrolls of poison
 f - a scroll of enchant weapon {unknown}
 g - a scroll of silence {unknown}
 i - 5 scrolls of identify {unknown}
 j - a scroll of torment {unknown}
 k - a scroll of butterflies {unknown}
 l - 3 scrolls of teleportation {unknown}
 m - 2 scrolls of fog {unknown}
 p - a scroll of enchant armour {unknown}
 r - a scroll of blinking {unknown}
 s - a scroll of brand weapon {unknown}
Potions
 h - a potion of cancellation {unknown}
 v - a potion of attraction {unknown}


   Skills:
 + Level 5.0 Fighting
 * Level 6.3 Ranged Weapons
 + Level 4.8 Armour
 - Level 2.1 Dodging
 - Level 1.1 Spellcasting
 - Level 3.2 Hexes
 - Level 1.1 Fire Magic


You had 6 spell levels left.
You knew the following spells:

 Your Spells              Type           Power      Damage    Failure   Level
a - Jinxbite              Hex            26%        N/A       9%          2

Your spell library contained the following spells:

 Spells                   Type           Power      Damage    Failure   Level
 Sigil of Binding         Hex            13%        N/A       17%         3
 Inner Flame              Hex/Fire       9%         N/A       26%         3
 Cause Fear               Hex            6%         N/A       50%         4
 Dimensional Bullseye     Hex/Tloc       3%         N/A       73%         4


Dungeon Overview and Level Annotations

Branches:
Dungeon (5/15)
 Temple: D:4-7

Altars:
Dithmenos
Hepliaklqana
Makhleb

Annotations:
D:5 BinkBink's ghost, weakling DsDe


Innate Abilities, Weirdness & Mutations

You are amphibious.
You cover ground slowly.
You can hop short distances.
You have an extended range of vision and can be seen from far away.


Message History

A giggling sprite leaps out and makes the orc trip over its own feet.
The orc is almost dead.
The orc barely misses you.
You shoot a sling bullet. The sling bullet barely misses the orc.
The sling bullet closely misses the orc priest.
A giggling sprite leaps out and smacks the orc priest with its own hand.
The orc priest is moderately wounded.
A giggling sprite leaps out and insults the orc's ancestors.
You kill the orc!
The jinxing sprites lose interest in you.
You shoot a sling bullet.
The sling bullet barely misses the orc priest.
The sling bullet barely misses the orc.
The orc priest invokes the aid of Beogh against you.
Pain shoots through your body!
The orc hits you from afar with the +9 spear of Butos {spect, rC+}.
You are too injured to fight recklessly!
You are too injured to fight recklessly!
You are too injured to fight recklessly!
You shoot a sling bullet. The sling bullet hits the orc priest.
The orc priest is severely wounded.
The orc priest barely misses you. The orc barely misses you.
You shoot a sling bullet. The sling bullet hits the orc priest.
The orc priest is severely wounded.
The orc priest hits you with a +0 club.
The orc hits you from afar with the +9 spear of Butos {spect, rC+}.
You shoot a sling bullet. The sling bullet hits the orc priest.
You kill the orc priest!
The orc misses you.
The +9 spear of Butos {spect, rC+} hits you!
Your Fighting skill increases to level 5!
A +9 spear of Butos {spect, rC+} comes into view.
You shoot a sling bullet.
The sling bullet hits the +9 spear of Butos {spect, rC+}.
The orc shares its spectral weapon's damage!
The +9 spear of Butos {spect, rC+} is lightly damaged.
The +9 spear of Butos {spect, rC+} hits you!
* * * LOW HITPOINT WARNING * * *
The +9 spear of Butos {spect, rC+} hits you!
You die...

....###.######......### #
####......## #####.##
##.........######.## #######
......[........#.#####.....##
............##).###.........##
...........####.#............##
#..........# #..#............#
#..........# ##.##...........#
#.........## #@###..........#
#.........######(# ##........##
#..........oo..oo## ###......#
#8.......oo...o8..# ###....#
#######''o#######.# ###..#
#........o....##.# ####
#....#####....##.#
#.###.....###.##.##
#.#8#..8..#8#.##..#


You could see a +9 spear of Butos {spect, rC+} and 3 orcs.

Vanquished Creatures
  Prince Ribbit (D:5)
  An ogre (D:5)
  2 phantoms (D:5)
  A hound (D:3)
  A jelly (D:5)
  An orc priest (D:5)
  Terence (D:3)
  Robin (D:2)
  9 adders
  A shadow imp (D:5)
  A white imp (D:5)
  2 ufetubi (D:5)
  A worm (D:2)
  3 dart slugs
  13 orcs
  6 bats
  4 endoplasms
  9 giant cockroaches
  19 goblins
  10 hobgoblins
  8 jackals (D:4)
  8 kobolds
  3 quokkas
  5 ball pythons
  2 frilled lizards
  10 rats
123 creatures vanquished.

Notes
Turn   | Place    | Note
-------+----------+-------------------------------------------
     0 | D:1      | ongoing the Barachi Hexslinger began the quest for the Orb.
     0 | D:1      | Reached XP level 1. HP: 15/15 MP: 2/2
    69 | D:1      | Reached XP level 2. HP: 21/21 MP: 3/3
   130 | D:1      | Reached skill level 1 in Armour
   231 | D:1      | Reached XP level 3. HP: 22/27 MP: 4/4
   234 | D:1      | Learned a level 2 spell: Jinxbite
   257 | D:1      | Found a faded altar of an unknown god.
   342 | D:1      | You fall into a shaft and drop 1 floor!
   365 | D:2      | Reached skill level 3 in Ranged Weapons
   504 | D:2      | Noticed Robin
   510 | D:2      | Killed Robin
   511 | D:2      | Reached XP level 4. HP: 34/34 MP: 2/5
  1958 | D:3      | Reached XP level 5. HP: 40/40 MP: 2/6
  2249 | D:3      | Reached skill level 4 in Ranged Weapons
  2322 | D:3      | Noticed Terence
  2336 | D:3      | Killed Terence
  2779 | D:3      | Found a hazy altar of Hepliaklqana.
  3222 | D:4      | Reached XP level 6. HP: 47/47 MP: 5/7
  3318 | D:4      | Found a shadowy altar of Dithmenos.
  3784 | D:5      | Entered Level 5 of the Dungeon
  3954 | D:5      | Reached skill level 5 in Ranged Weapons
  4077 | D:5      | HP: 2/48 [poisoned by an orc]
  4220 | D:5      | Found a burning altar of Makhleb.
  4275 | D:5      | Noticed Prince Ribbit
  4299 | D:5      | Killed Prince Ribbit
  4300 | D:5      | Reached XP level 7. HP: 7/55 MP: 3/8
  4487 | D:5      | Identified the +5 ring mail of the Monkey {rF+++ rC- rCorr}
  4661 | D:5      | Reached skill level 6 in Ranged Weapons
  4690 | D:5      | Found a runed translucent gate.
  4690 | D:5      | Found a runed translucent gate.
  4691 | D:5      | Found a runed translucent gate.
  4694 | D:5      | Noticed BinkBink's ghost (weakling DsDe)
  4698 | D:5      | Identified the +9 spear of Butos {spect, rC+}
  4698 | D:5      | Identified the +2 leather armour "Azomnat" {rC+}
  5318 | D:5      | Reached skill level 5 in Fighting
  5318 | D:5      | Slain by a +9 spear of Butos {spect, rC+}

Illustrated notes

Levels and vault maps discovered:
D:1:      kennysheep_arrival_seaside, layout_rooms,
          dreamdust_ecumenical_altar_statues
D:2:      layout_basic, uniq_robin
D:3:      layout_basic, mainiacjoe_overflow_surrounded_room,
          nicolae_hexahallways, uniq_terence
D:4:      layout_basic, grunt_dithmenos_smoke
D:5:      layout_cave_pods, lemuel_round_altar, biasface_ghost_orc_armoury,
          serial_bayou_ford_a, uniq_prince_ribbit1

Skill      XL: |  1  2  3  4  5  6  7 |
---------------+----------------------+-----
Armour         | 1 2 3 4 |  4.8
Fighting       | 2 3 4 5 |  5.0
Ranged Weapons | 3 4 5 6 |  6.3
Dodging        | |  2.1
Spellcasting   | |  1.1
Hexes          | |  3.2
Fire Magic     | |  1.1

Action                     |  1- 3 |  4- 6 |  7- 9 || total
---------------------------+-------+-------+-------++-------
   Fire: Sling             |   111 |   229 |    54 ||   394
   Cast: Jinxbite          |     6 |    59 |     5 ||    70
Ability: Hop               |     1 |     2 |     2 ||     5
  Evoke: Wand              |       |     2 |       ||     2
    Use: Potion            |       |     2 |       ||     2
 Armour: Robe              |    15 |     7 |       ||    22
         Leather armour    |       |    98 |    24 ||   122
  Dodge: Dodged            |    24 |   107 |    22 ||   153

Table legend: (Time is in decaauts)
 A = Elapsed time spent in this place.
 B = Non-inter-level travel time spent in this place.
 C = Inter-level travel time spent in this place.
 D = Time resting spent in this place.
 E = Time spent auto-exploring this place.
 F = Levels seen in this place.
 G = Mean time per level.
                   A        B        C        D        E       F      G
               +--------+--------+--------+--------+--------+-----+--------+
         Total |   6022 |   5709 |    313 |    409 |   4456 |   5 | 1204.4 |
       Dungeon |   6022 |   5709 |    313 |    409 |   4456 |   5 | 1204.4 |
               +--------+--------+--------+--------+--------+-----+--------+

Top non-repeatable levels by time:
     D:5: 1709 daAuts
     D:2: 1378 daAuts
     D:3: 1246 daAuts
     D:1: 852 daAuts
     D:4: 835 daAuts
